 Dungeon Crawl Stone Soup version 0.20.1-1-g8b1a95d (webtiles) character file.

16364 Monsterracer the Destroyer (level 12, -5/101 HPs)
             Began as a Pale Draconian Wizard on Oct 27, 2017.
             Was a Priest of Vehumet.
             Slain by a minotaur
             ... wielding the cursed +1 quarterstaff "Welenwou" {flame, *Noise Str+4 Int+3 Dex+4}
              (36 damage)
             ... in a labyrinth.
             The game lasted 00:37:05 (14321 turns).

Monsterracer the Destroyer (Pale Draconian Wizard) Turns: 14321, Time: 00:37:05

Health: -5/101     AC: 15    Str:  9    XL:     12   Next: 9%
Magic:  20/23      EV: 18    Int: 23    God:    Vehumet [***...]
Gold:   490        SH:  4    Dex:  9    Spells: 17/26 levels left

rFire    . . .     SeeInvis .   a - +0 whip (elec)
rCold    . . .     Gourm    .   v - +0 buckler
rNeg     . . .     Faith    .   (armour unavailable)
rPois    +         Spirit   .   m - +1 hat
rElec    .         Reflect  .   g - +1 cloak
rCorr    .         Harm     .   G - +0 pair of gloves
MR       .....                  h - +2 pair of boots {Fly}
Stlth    ++........             (no amulet)
Regen    0.7/turn               y - ring of poison resistance
MPRegen  0.2/turn               n - +3 ring of evasion

@: flying
A: breathe steam, unfitting armour, clumsy 1, sense surroundings 1, regeneration
1, cold-blooded, AC +8
a: Breathe Steam, Renounce Religion, Stop Flying


You were in a labyrinth.
You worshipped Vehumet.
Vehumet was most pleased with you.
You were not hungry.

You visited 2 branches of the dungeon, and saw 11 of its levels.
You also visited: Labyrinth.

You collected 557 gold pieces.
You spent 67 gold pieces at shops.

Inventory:

Hand Weapons
 a - a +0 whip of electrocution (weapon)
Armour
 d - a +0 shield
 g - a +1 cloak (worn)
 h - a +2 pair of boots of flying (worn)
 m - a +1 hat (worn)
 v - a +0 buckler (worn)
 G - a +0 pair of gloves (worn)
Jewellery
 e - an uncursed ring of wizardry
 n - a +3 ring of evasion (right hand)
 y - a ring of poison resistance (left hand)
 A - an uncursed ring of protection from cold
 D - an uncursed ring of protection from fire
 J - an uncursed ring of see invisible
Wands
 F - a wand of disintegration (1/24)
 I - a wand of disintegration (11/24)
Scrolls
 c - 2 scrolls of amnesia
 i - 2 scrolls of enchant weapon
 q - 3 scrolls of teleportation
 r - a scroll of magic mapping
 s - 4 scrolls of remove curse
 w - a scroll of fear
 B - a scroll of identify
 E - a scroll of recharging
 L - a scroll of blinking
Potions
 k - 3 potions of flight
 l - a potion of mutation
 o - a potion of magic
 t - a potion of invisibility
 u - 2 potions of haste
 x - 5 potions of curing
 z - 2 potions of heal wounds
 C - a potion of resistance
 H - a potion of degeneration
 N - a potion of brilliance
Miscellaneous
 b - a crystal ball of energy
Comestibles
 f - 6 meat rations
 j - 12 royal jellies
 p - 2 bread rations
 K - a fruit


   Skills:
 + Level 7.9 Fighting
 - Level 6.3 Maces & Flails
 + Level 6.7 Dodging
 - Level 1.7 Stealth
 - Level 4.0 Shields
 + Level 7.8 Spellcasting
 * Level 11.6 Conjurations
   Level 1.0 Summonings
 - Level 1.0 Translocations
 + Level 6.1 Fire Magic


You had 17 spell levels left.
You knew the following spells:

 Your Spells              Type           Power        Failure   Level  Hunger
a - Magic Dart            Conj           ####         1%          1    None
b - Conjure Flame         Conj/Fire      ######..     1%          3    None
c - Mephitic Cloud        Conj/Pois/Air  ####....     1%          3    None
e - Blink                 Tloc           N/A          7%          2    None


Dungeon Overview and Level Annotations

Branches:
Dungeon (10/15)            Temple (0/1) D:4            Lair (1/6) D:10
    Orc (0/2) D:10

Altars:
Cheibriados
Elyvilon
Makhleb
Nemelex Xobeh
Ru
Sif Muna
Vehumet
Xom
The Shining One

Shops:
D:7 *


Innate Abilities, Weirdness & Mutations

You can breathe blasts of scalding, opaque steam.
Your pale cyan-grey scales are hard. (AC +8)
You cannot fit into any form of body armour.
You are cold-blooded and may be slowed by cold attacks.
You are clumsy. (Dex -2)
You passively map a small area around you.
Your natural rate of healing is unusually fast.


Message History

You kill the wolf!
Vehumet accepts your kill.
You feel your power returning.
You see here a wolf corpse.
You hear the frantic ticking of a distant clock.
As you read the scroll of magic mapping, it crumbles to dust.
You feel aware of your surroundings.
You sensed 1 shop/portal.
Found 13 gold pieces.
Found a labyrinth entrance.
You now have 490 gold pieces (gained 13).
There is a labyrinth entrance here.
Beware, the minotaur awaits!
There is a labyrinth entrance here.
Beware, the minotaur awaits!
The world spins around you as you enter the gateway.
As you enter the labyrinth, previously moving walls settle noisily into place.
You hear the metallic echo of a distant snort before it fades into the rock.
Unknown command.
Unknown command.
No exploration algorithm can help you here.
You feel a sudden draft!
Some of the chunks of flesh in your inventory have rotted away.
All of the chunks of flesh in your inventory have rotted away.
You feel a sudden draft!
You are feeling hungry.
You are feeling very hungry.
You eat one of the 6 fruits.
Mmmm...
Yummy orange.
The floor suddenly vibrates beneath you!
Okay, then.
You are feeling hungry.
You hear an odd grinding sound!
Okay, then.
You eat one of the 5 fruits.
That coconut was delicious!
Vehumet will no longer extend the range of your destructive magics.
You are feeling hungry.
You eat one of the 4 fruits.
That lychee was delicious!
You eat one of the 3 fruits.
Mmmm...
Yummy orange.
You eat one of the 2 fruits.
Mmm - a full handful of figs!
You hear an odd grinding sound!
Casting: Mephitic Cloud
Confirm with . or Enter, or press ? or * to list all spells.
Okay, then.
Casting: Mephitic Cloud
Confirm with . or Enter, or press ? or * to list all spells.
Okay, then.
You reach down and open the door.
A minotaur comes into view.
It is wielding a polished quarterstaff {flame}.
The minotaur moves out of view.
Found a mace.
Found an escape hatch in the ceiling.
Casting: Mephitic Cloud
Confirm with . or Enter, or press ? or * to list all spells.
Aiming: Conjure Flame
Press: ? - help, Dir - move target cursor The fire ignites!
You hear a bellow!
Casting: Conjure Flame
Confirm with . or Enter, or press ? or * to list all spells.
Okay, then.
Press: ? - help, Shift-Dir - straight line, f - minotaur
Aim: a minotaur, wielding a polished quarterstaff {flame} and wearing swamp dragon scales You exhale a blast of scalding steam.
The ball of steam hits the minotaur.
The minotaur appears unharmed.
You feel somewhat more hungry.
Casting: Conjure Flame
Confirm with . or Enter, or press ? or * to list all spells.
Aiming: Magic Dart
Press: ? - help, Shift-Dir - straight line, f/p - minotaur
Aim: a minotaur, wielding a polished quarterstaff {flame} and wearing swamp dragon scales (steam)
The magic dart hits the minotaur.
Casting: Magic Dart
Confirm with . or Enter, or press ? or * to list all spells.
Okay, then.
You hit the minotaur but do no damage.
The minotaur is engulfed in blazing flames.
The minotaur hits you with a polished quarterstaff {flame}!!
The minotaur burns you.
The minotaur gores you but does no damage.
You hit the minotaur but do no damage.
The minotaur is engulfed in blazing flames.
The minotaur hits you with a polished quarterstaff {flame}.
The minotaur burns you. The minotaur gores you.
You hit the minotaur.
The minotaur is moderately wounded.
The minotaur is engulfed in blazing flames.
The minotaur hits you with a polished quarterstaff {flame}!!
* * * LOW HITPOINT WARNING * * *
The minotaur burns you.
* * * LOW HITPOINT WARNING * * *
The minotaur barely misses you.
Unknown command.
You hit the minotaur.
The minotaur is moderately wounded.
You hit the minotaur but do no damage. Lightning courses through the minotaur!
The minotaur is severely wounded.
You have got your breath back.
The minotaur is engulfed in blazing flames.
You block the minotaur's attack. The minotaur gores you.
* * * LOW HITPOINT WARNING * * *
You barely miss the minotaur.
The minotaur furiously retaliates!
The minotaur headbutts you, but does no damage.
The minotaur is almost dead.
The minotaur is engulfed in blazing flames.
The minotaur hits you with a polished quarterstaff {flame}!!!
You die...

## #. ### #.
#.# #.###.###
#...#...#.#.#
##....@.....#
#..###H###....
## # .# ... #
.. #..###.## #
# .# ... ....#
≈<≈ ####.# ≈≈≈
.# #..
######.. # ##
... ....#


You could see a minotaur.

Vanquished Creatures
  4 two-headed ogres
  An unseen horror (D:10)
  Pikel (D:7)
  2 spiny frogs (Lair:1)
  A komodo dragon (Lair:1)
  A troll (D:10)
  4 yaks (Lair:1)
  2 hungry ghosts
  2 soldier ants (D:8)
  A porcupine (Lair:1)
  2 water moccasins
  An orc warrior (D:8)
  3 sky beasts
  An ice beast (D:9)
  3 necrophages
  An eye of draining (D:10)
  4 slaves
  7 ogres
  A wolf (Lair:1)
  2 centaurs
  5 bullfrogs
  5 scorpions
  5 killer bees (D:8)
  4 wights (D:9)
  A howler monkey (D:7)
  3 crimson imps
  A bullfrog zombie (D:7)
  7 hounds
  2 quasits
  12 orc wizards
  2 bullfrog skeletons
  5 orc priests
  3 jellies
  2 gnoll shamans
  4 iguanas
  8 worker ants
  A hound zombie (D:5)
  2 hound skeletons
  2 worker ant zombies
  A howler monkey zombie (D:7)
  13 gnolls
  A howler monkey skeleton (D:9)
  9 adders
  A shadow imp (D:8)
  3 oozes
  9 worms
  4 dart slugs
  7 leopard geckos
  44 orcs
  2 ball pythons
  10 bats
  A bat zombie (D:1)
  10 giant cockroaches
  3 goblins
  10 hobgoblins
  2 jackals (D:3)
  4 quokkas
  5 frilled lizards
  A giant cockroach zombie (D:1)
  4 kobolds
  A quokka skeleton (D:4)
  10 rats
273 creatures vanquished.

Notes
Turn   | Place    | Note
-------+----------+-------------------------------------------
     0 | D:1      | Monsterracer the Draconian Wizard began the quest for the Orb.
     0 | D:1      | Reached XP level 1. HP: 14/14 MP: 4/4
   324 | D:1      | Reached XP level 2. HP: 20/20 MP: 3/6
   331 | D:1      | Reached skill level 2 in Conjurations
   335 | D:1      | Learned a level 2 spell: Blink
  1182 | D:1      | Reached XP level 3. HP: 26/26 MP: 0/7
  1187 | D:1      | Learned a level 3 spell: Conjure Flame
  1790 | D:2      | Reached skill level 3 in Conjurations
  2585 | D:2      | Reached XP level 4. HP: 25/33 MP: 0/9
  2599 | D:2      | Learned a level 3 spell: Mephitic Cloud
  3029 | D:3      | Found a radiant altar of Vehumet.
  3046 | D:3      | HP: 10/33 [worm (8)]
  3058 | D:3      | HP: 8/33 [hobgoblin (3)]
  3529 | D:3      | Found a sacrificial altar of Ru.
  4238 | D:4      | Found a white marble altar of Elyvilon.
  4346 | D:4      | Reached skill level 4 in Conjurations
  4354 | D:4      | Noticed an ogre
  4354 | D:4      | Reached XP level 5. HP: 36/38 MP: 4/10
  4552 | D:4      | Killed an ogre
  4757 | D:4      | Reached skill level 5 in Conjurations
  4757 | D:4      | Reached XP level 6. HP: 45/45 MP: 5/12
  5287 | D:5      | Entered Level 5 of the Dungeon
  5287 | D:5      | HP: 22/45 [poisoned by an orc wizard]
  5292 | D:5      | HP: 18/45 [poisoned by an orc wizard]
  5297 | D:5      | HP: 16/45 [poisoned by an orc wizard]
  5302 | D:5      | HP: 14/45 [poisoned by an orc wizard]
  5308 | D:5      | HP: 12/45 [poisoned by an orc wizard]
  5316 | D:5      | HP: 12/45 [poisoned by an orc wizard]
  5581 | D:5      | Reached skill level 6 in Conjurations
  5584 | D:5      | Your scales start taking on a pale cyan-grey colour.
  5584 | D:5      | Reached XP level 7. HP: 48/50 MP: 7/14
  5848 | D:5      | Reached skill level 5 in Spellcasting
  5979 | D:4      | Reached skill level 7 in Conjurations
  6052 | D:3      | Became a worshipper of Vehumet
  6178 | D:4      | Found a staircase to the Ecumenical Temple.
  6258 | D:4      | Found a deep blue altar of Sif Muna.
  6258 | D:4      | Found a shimmering altar of Xom.
  6686 | D:5      | Identified a scroll of acquirement
  7123 | D:6      | Reached XP level 8. HP: 57/57 MP: 16/16
  7190 | D:6      | Reached skill level 8 in Conjurations
  7257 | D:6      | Reached skill level 1 in Fighting
  7391 | D:6      | Reached * piety under Vehumet
  7391 | D:6      | Offered knowledge of Sting by Vehumet.
  7478 | D:6      | Reached skill level 1 in Fire Magic
  7522 | D:6      | Reached skill level 1 in Shields
  8662 | D:7      | Reached XP level 9. HP: 68/68 MP: 14/18
  8686 | D:7      | Gained mutation: Your large and strong wings let you fly indefinitely. [mutagenic meat]
  8687 | D:7      | Lost mutation: Your large and strong wings let you fly indefinitely. [mutagenic meat]
  8688 | D:7      | Gained mutation: You are clumsy. (Dex -2) [mutagenic meat]
  8689 | D:7      | Gained mutation: Your natural rate of healing is unusually fast. [mutagenic meat]
  8690 | D:7      | Gained mutation: You passively map a small area around you. [mutagenic meat]
  8852 | D:7      | Found Ycaotiar's General Store.
  8884 | D:7      | Bought a +0 pair of gloves for 67 gold pieces
  9016 | D:7      | Noticed Pikel
  9022 | D:7      | HP: 32/68 [Pikel/whip of electrocution (10)]
  9216 | D:7      | Reached skill level 9 in Conjurations
  9310 | D:7      | Found a burning altar of Makhleb.
  9368 | D:7      | Noticed a balrug
  9757 | D:7      | HP: 34/68 [disintegration (6)]
  9760 | D:7      | Killed Pikel
 10245 | D:8      | Offered knowledge of Throw Frost by Vehumet.
 10374 | D:8      | Reached ** piety under Vehumet
 10518 | D:8      | Noticed a two-headed ogre
 10532 | D:8      | Killed a two-headed ogre
 10554 | D:8      | Reached skill level 10 in Conjurations
 10651 | D:8      | Reached XP level 10. HP: 78/78 MP: 16/20
 11016 | D:8      | Noticed a two-headed ogre
 11035 | D:8      | Killed a two-headed ogre
 11131 | D:8      | Offered knowledge of Dazzling Spray by Vehumet.
 11311 | D:8      | Found a sparkling altar of Nemelex Xobeh.
 11626 | D:9      | Reached *** piety under Vehumet
 11665 | D:9      | Reached skill level 5 in Fighting
 11697 | D:9      | Reached skill level 5 in Fire Magic
 11752 | D:9      | Reached XP level 11. HP: 92/92 MP: 22/22
 11772 | D:9      | Found a snail-covered altar of Cheibriados.
 11914 | D:9      | Found a glowing golden altar of the Shining One.
 11968 | D:9      | Offered knowledge of Inner Flame by Vehumet.
 11986 | D:9      | Noticed a two-headed ogre
 11997 | D:9      | Killed a two-headed ogre
 12149 | D:10     | Entered Level 10 of the Dungeon
 12151 | D:10     | Reached skill level 11 in Conjurations
 12196 | D:10     | Noticed a two-headed ogre
 12213 | D:10     | Killed a two-headed ogre
 12414 | D:10     | Found a staircase to the Lair.
 12615 | D:10     | Killed an unseen horror
 12852 | D:10     | Found a staircase to the Orcish Mines.
 12989 | Lair:1   | Entered Level 1 of the Lair of Beasts
 13005 | Lair:1   | HP: 18/92 [komodo dragon (30)]
 13133 | Lair:1   | Reached **** piety under Vehumet
 13173 | Lair:1   | Reached XP level 12. HP: 101/101 MP: 23/23
 13335 | Lair:1   | Found a labyrinth entrance.
 13349 | Lab      | Entered a labyrinth
 14312 | Lab      | Noticed a minotaur
 14318 | Lab      | HP: 37/101 [minotaur/polished quarterstaff {flame} (28)]
 14321 | Lab      | Identified the cursed +1 quarterstaff "Welenwou" {flame, *Noise Str+4 Int+3 Dex+4}
 14321 | Lab      | Slain by a minotaur

Skill      XL: |  1  2  3  4  5  6  7  8  9 10 11 |
---------------+----------------------------------+-----
Conjurations   | 2 3 4 5 6 7 8 10 11 | 11.6
Spellcasting   | 4 5 6 7 |  7.8
Fighting       | 2 4 7 |  7.9
Dodging        | 2 3 6 |  6.7
Fire Magic     | 2 4 5 6 |  6.1
Shields        | 2 3 4 |  4.0
Maces & Flails | 6 |  6.3
Stealth        | |  1.7
Summonings     | |  1.0
Translocations | |  1.0

Action                   |  1- 3 |  4- 6 |  7- 9 | 10-12 || total
-------------------------+-------+-------+-------+-------++-------
Melee: Unarmed           |     7 |       |       |       ||     7
       Tailslap          |     2 |     3 |    14 |    14 ||    33
       Dagger            |    12 |       |     3 |       ||    15
       Short sword       |     9 |       |       |       ||     9
       Spear             |     2 |    38 |    89 |       ||   129
       Quarterstaff      |       |    16 |       |       ||    16
       Rapier            |       |     3 |       |       ||     3
       Hand axe          |       |       |    69 |       ||    69
       Whip              |       |       |    46 |   193 ||   239
       Trident           |       |       |       |    40 ||    40
 Cast: Magic Dart        |   104 |   181 |   167 |    53 ||   505
       Blink             |     1 |       |     1 |     2 ||     4
       Conjure Flame     |       |     5 |    20 |    20 ||    45
       Mephitic Cloud    |       |     1 |     5 |     3 ||     9
 Abil: Breathe Steam     |       |       |    32 |    29 ||    61
Evoke: Wand              |       |       |     1 |       ||     1
  Use: Scroll            |       |       |    24 |     5 ||    29
       Potion            |       |       |       |     1 ||     1
 Stab: Confused          |       |       |     1 |       ||     1
       Sleeping          |       |       |     2 |     3 ||     5
  Eat: Chunk             |     5 |     8 |    19 |    11 ||    43
       Bread ration      |       |     1 |     1 |       ||     2
       Fruit             |       |       |       |     5 ||     5
Armor: Skin              |    20 |    14 |    86 |    60 ||   180
Dodge: Dodged            |    68 |    56 |   192 |   168 ||   484
Block: Buckler           |       |       |     6 |    32 ||    38

Vault maps used:
D:1:      saegor_arrival_fortress, hangedman_decor_slide_cut
D:3:      vehumet_crystals, overflow_temple_1_default, corner_web_ring
D:4:      elyvilon_altar_5, gammafunk_temple_overflow_wave,
          minmay_temple_entry_hall, corexii_leaking_fountain
D:5:      first_bread, portal_sewer_entry_b
D:7:      makhleb_altar_promises_db, serial_shops, shop, uniq_pikel
D:8:      kennysheep_mini_moat, hangedman_pestilent_swarm
D:9:      slow_altar_1, tso_altar
D:10:     lair_entry_dummy, orc_0_dummy
Lair:1:   lab_entry_generic
Lab:      labyrinth_watery
